 Dungeon Crawl Stone Soup version 0.28.0-45-g0d030f2227 (webtiles) character file.

Game seed: 13554674071223431607

93192 101zpm the Thaumaturge (level 16, -1/124 HPs)
             Began as a Gnoll Ice Elementalist on Apr 21, 2022.
             Was a High Priest of Makhleb.
             Killed from afar by a blizzard demon (12 damage)
             ... with a bolt of lightning
             ... summoned by the player character
             ... on level 2 of the Abyss.
             The game lasted 03:02:05 (41833 turns).

101zpm the Thaumaturge (Gnoll Ice Elementalist)    Turns: 41833, Time: 03:02:06

Health: -1/124     AC: 19    Str: 11    XL:     16   Next: 8%
Magic:  4/31       EV: 15    Int: 22    God:    Makhleb [*****.]
Gold:   1978       SH: 16    Dex: 12    Spells: 13/38 levels left

rFire   . . .      SeeInvis .   C - +8 whip "Neteer" {holy, Fly}
rCold   . . .      Faith    .   H - +0 kite shield
rNeg    . . .      Spirit   .   O - +3 leather armour of Articulation {Str+2 Slay+3}
rPois   .          Reflect  +   E - +0 helmet
rElec   .          Harm     .   (no cloak)
rCorr   .          Rampage  .   y - +0 pair of gloves
Will    +....                   K - +0 pair of boots
Stlth   ++........              L - amulet of reflection
HPRegen 0.30/turn               b - +4 ring of protection
MPRegen 0.22/turn               t - +4 ring of protection

@: on fire, flying, glowing
A: fangs 1, strong nose, distributed training
a: Renounce Religion, Minor Destruction, Lesser Servant of Makhleb, Major
Destruction, Greater Servant of Makhleb


You were on level 2 of the Abyss.
You worshipped Makhleb.
Makhleb was extremely pleased with you.
You visited 4 branches of the dungeon, and saw 22 of its levels.
You visited the Abyss 1 time.
You also visited: Sewer.

You collected 2225 gold pieces.
You spent 247 gold pieces at shops.

Inventory:

Hand Weapons
 c - a +3 battleaxe of venom
 C - the +8 whip "Neteer" (weapon) {holy, Fly}
   (You bought it in a shop on level 2 of the Orcish Mines)

   It has been blessed by the Shining One to cause great damage to the undead
   and demons.
   Fly:       It grants you flight.
Missiles
 d - 886 arrows
 h - 5 silver javelins
 i - 658 stones
 T - 6 throwing nets
Armour
 y - a +0 pair of gloves (worn)
 E - a +0 helmet (worn)
 H - a +0 kite shield (worn)
 K - a +0 pair of boots (worn)
 O - the +3 leather armour of Articulation (worn) {Str+2 Slay+3}
   (You found it on level 7 of the Dungeon)

   Str:       It affects your strength (+2).
   Slay:      It affects your accuracy & damage with ranged weapons and melee
   (+3).
 Z - +0 pearl dragon scales
Magical Staves
 V - a staff of cold
Jewellery
 a - a ring of magical power
 b - a +4 ring of protection (left hand)
 g - a ring of see invisible
 n - an amulet of faith
 t - a +4 ring of protection (right hand)
 D - a ring of poison resistance
 I - a +6 ring of dexterity
 L - an amulet of reflection (around neck)
Wands
 z - a wand of acid (25)
 B - a wand of iceblast (15)
 J - a wand of mindburst (10)
 M - a wand of paralysis (23)
 P - a wand of polymorph (4)
 X - a wand of flame (24)
Scrolls
 f - 4 scrolls of amnesia
 j - 16 scrolls of teleportation
 k - 2 scrolls of identify
 l - 4 scrolls of enchant weapon
 x - 2 scrolls of summoning {unknown}
 F - 3 scrolls of magic mapping
 G - 5 scrolls of blinking
 N - a scroll of holy word {unknown}
 S - a scroll of acquirement {unknown}
 U - 2 scrolls of fog {unknown}
 Y - a scroll of enchant armour
Potions
 e - 3 potions of attraction {unknown}
 m - 4 potions of flight
 o - 5 potions of brilliance {unknown}
 p - 4 potions of heal wounds
 q - 2 potions of resistance {unknown}
 r - a potion of cancellation {unknown}
 s - 3 potions of mutation {unknown}
 u - 8 potions of curing {unknown}
 v - 3 potions of ambrosia {unknown}
 w - 3 potions of lignification {unknown}
 A - 4 potions of might
 Q - a potion of invisibility {unknown}
 R - 2 potions of haste
 W - 2 potions of berserk rage {unknown}


   Skills:
 + Level 10.6 Fighting
 + Level 10.6 Short Blades
 + Level 10.6 Long Blades
 + Level 10.6 Axes
 + Level 10.6 Maces & Flails
 + Level 10.6 Polearms
 + Level 10.6 Staves
 + Level 10.6 Slings
 + Level 10.6 Bows
 + Level 10.6 Crossbows
 + Level 10.6 Throwing
 + Level 10.6 Armour
 + Level 11.5 Dodging
 + Level 11.4 Stealth
 + Level 10.6 Shields
 + Level 10.6 Unarmed Combat
 + Level 11.7 Spellcasting
 + Level 8.9 Conjurations
 + Level 8.9 Hexes
 + Level 8.9 Summonings
 + Level 8.9 Necromancy
 + Level 8.9 Translocations
 + Level 8.9 Transmutations
 + Level 8.9 Fire Magic
 + Level 11.4 Ice Magic
 + Level 8.9 Air Magic
 + Level 8.9 Earth Magic
 + Level 8.9 Poison Magic
 + Level 11.5 Invocations
 + Level 10.6 Evocations


You had 13 spell levels left.
You knew the following spells:

 Your Spells              Type           Power      Damage    Failure   Level
a - Freeze                Ice            100%       1d11      1%          1
b - Frozen Ramparts       Ice            100%       1d12      1%          3
c - Ozocubu's Armour      Ice            58%        N/A       1%          3
d - Hailstorm             Conj/Ice       55%        3d12      1%          4
e - Foxfire               Conj/Fire      100%       2x1d9     1%          1
f - Ensorcelled Hibernat  Hex/Ice        100%       N/A       1%          2
g - Blink                 Tloc           100%       N/A       1%          2
h - Conjure Flame         Conj/Fire      51%        6-21      1%          3
i - Portal Projectile     Hex/Tloc       100%       N/A       1%          3
j - Inner Flame           Hex/Fire       51%        N/A       1%          3

Your spell library contained the following spells:

 Spells                   Type           Power      Damage    Failure   Level
 Dazzling Flash           Conj/Hex       100%       N/A       1%          3
 Ignite Poison            Fire/Tmut/Pois 51%        N/A       1%          3
 Lesser Beckoning         Tloc           51%        N/A       1%          3
 Stone Arrow              Conj/Erth      100%       3d13      1%          3
 Animate Armour           Summ/Erth      100%       N/A       3%          4
 Cause Fear               Hex            25%        N/A       3%          4
 Flame Wave               Conj/Fire      51%        2d10      3%          4
 Leda's Liquefaction      Hex/Erth       25%        N/A       3%          4
 Sticky Flame             Conj/Fire      51%        2d7       3%          4
 Agony                    Necr           51%        N/A       10%         5
 Blade Hands              Tmut           25%        N/A       10%         5
 Lee's Rapid Deconstruct  Erth           25%        3d15*     10%         5
 Manifold Assault         Tloc           51%        N/A       10%         5
 Silence                  Hex/Air        25%        N/A       10%         5
 Dispersal                Tloc           25%        N/A       47%         6
 Iron Shot                Conj/Erth      25%        9d5       47%         6
 Statue Form              Tmut/Erth      34%        N/A       47%         6
 Lehudib's Crystal Spear  Conj/Erth      25%        10d7      100%        8


Dungeon Overview and Level Annotations

Branches:
Dungeon (13/15)            Temple (1/1) D:6            Lair (6/6) D:11
  Swamp (0/4) Lair:2        Snake (0/4) Lair:4        Slime (0/5) Lair:6
    Orc (2/2) D:11            Elf (0/3) Orc:2        Vaults (0/5) D:13
  Sewer (visited)

Altars:
Ashenzari
Cheibriados
Dithmenos
Elyvilon
Fedhas
Gozag
Hepliaklqana
Kikubaaqudgha
Makhleb
Nemelex Xobeh
Okawaru
Qazlal
Ru
Sif Muna
Trog
Uskayaw
Vehumet
Wu Jian
Xom
Yredelemnul
Zin
The Shining One
Jiyva

Shops:
D:3 [   D:10 :   Orc:2 (**=

Annotations:
D:11 2 transporters, PupperPawz's ghost, journeyman TrMo
Lair:5 exclusion: oklob plant
Lair:6 4 runed translucent doors, busta's ghost, journeyman DsGl


Innate Abilities, Weirdness & Mutations

You have very sharp teeth.
Your uncanny sense of smell can sniff out nearby items.
Your experience applies equally to all skills.


Message History

The wavering orb of destruction weakly hits your foxfire!!
Casting: Ozocubu's Armour (safe; 1% risk of failure)
Confirm with . or Enter, or press ? or * to list all spells.
You conjure some foxfire!
The foxfire hits the lich but does no damage.
The lich is lightly damaged.
Your icy armour and frozen ramparts will break if you move.
Continue?
Okay, then.
Casting: Foxfire (safe; 1% risk of failure)
Confirm with . or Enter, or press ? or * to list all spells.
Okay, then.
A demon appears!
It doesn't seem very happy.
The foxfire hits the lich.
The lich is moderately damaged.
The lich points at you and mumbles some strange words.
You barely resist.
A demon appears!
It doesn't seem very happy.
The lich gestures wildly while chanting.
The lich seems to speed up.
The balrug is frozen!
The wall freezes the balrug!
The balrug gestures at you.
The sticky flame hits you but does no damage.
You are covered in liquid flames!
The heat melts your icy armour.
Your icy armour and frozen ramparts will break if you move.
Continue?
Your icy armour cracks and falls away as you move.
The frozen ramparts melt away as you move.
You are covered in liquid flames!
The balrug gestures at you. The bolt of fire hits you!!
You are covered in liquid flames!
The lich points at you and mumbles some strange words.
The bolt of cold hits you!!!
* * * LOW HITPOINT WARNING * * *
The lich gestures at you while chanting.
The bolt of cold misses you. The blizzard demon gestures at you.
The bolt of lightning hits you!
You die...

#. #P.
#..############# ###
#.........P.....P...
##..#...........#..
#....2.⌠..'..⌠..#
#.#...#2.#L.'... ....
#...........# ......
.##...@######.##.#..#
#............ .....
#.....#........ ..
#..#... .... ...#.
##..#... .#. ... ###
#.## # ##


You could see a lich (fast), a balrug (summoned) and a blizzard demon
(summoned).

Vanquished Creatures
  Jorgrun (D:13)
  Rupert (D:13)
  A very ugly thing (D:13)
  4 dire elephants (Lair:6)
  Josephine (Orc:1)
  Fannar (Lair:2)
  2 boulder beetles (D:13)
  A vault guard (D:13)
  Harold (D:11)
  5 hydras
  A catoblepas (Lair:4)
  2 centaur warriors (D:13)
  11 two-headed ogres
  2 death yaks
  2 tengu warriors
  Urug (D:13)
  Sonja (Orc:1)
  A skeletal warrior (D:10)
  A spectral anaconda (Lair:6)
  5 necromancers
  A swamp dragon (Lair:2)
  A steelbarb worm (shapeshifter) (D:13)
  An orc knight (Orc:2)
  4 wizards
  2 lindwurms (Lair:6)
  An orc sorcerer (Orc:1)
  2 deep elf pyromancers
  3 cyclopes
  A manticore (D:7)
  7 ugly things
  Joseph (D:10)
  5 black mambas
  15 elephants
  A torpor snail (Lair:3)
  A gargoyle (D:12)
  9 cane toads
  13 komodo dragons
  6 rime drakes
  A tengu conjurer (D:13)
  5 trolls
  2 polar bears
  4 slime creatures (D:12)
  27 blink frogs
  3 spectral elephants (Lair:6)
  3 shadows
  6 wraiths
  3 vampires
  3 wyverns
  6 basilisks
  38 yaks
  18 humans (D:13)
  2 death yak simulacra (Lair:6)
  12 vampire mosquitoes
  Grum (D:9)
  A warg (Orc:2)
  2 nagas (Lair:4)
  3 acid dragons
  16 water moccasins
  A spectral cane toad (Lair:6)
  Duvessa (D:7)
  An elephant zombie (Lair:6)
  3 sky beasts
  A hornet zombie (D:7)
  36 orc warriors
  3 black bears
  5 ice beasts
  A black bear (shapeshifter) (D:13)
  A necrophage (D:6)
  6 ogres
  7 wolves
  23 centaurs
  4 kobold brigands
  10 bullfrogs
  A water moccasin zombie (D:6)
  2 scorpions
  Dowan (D:7)
  8 killer bees (D:9)
  3 electric eels
  4 howler monkeys
  7 centaur zombies
  4 bullfrog zombies
  2 hounds (D:6)
  2 jellies
  14 orc priests
  A bullfrog skeleton (D:6)
  A centaur skeleton (D:6)
  12 orc wizards
  A hell rat (Sewer)
  5 iguanas
  Natasha (D:2)
  A hound zombie (D:3)
  A howler monkey skeleton (D:4)
  8 adders
  A river rat (Sewer)
  A shadow imp (D:7)
  3 white imps
  4 ufetubi
  An adder skeleton (D:4)
  A worm (D:4)
  2 dart slugs
  63 orcs
  11 ball pythons
  9 endoplasms
  6 giant cockroaches
  7 goblins
  10 hobgoblins
  6 jackals
  17 kobolds
  6 quokkas
  6 bats
  2 frilled lizards (D:1)
  14 rats
627 creatures vanquished.

Vanquished Creatures (collateral kills)
  An orc warlord (Orc:1)
  3 dire elephants (Lair:6)
  A death yak (Lair:6)
  An obsidian statue (Lair:6)
  A necromancer (Lair:6)
  A dire elephant zombie (Lair:6)
  A cane toad (Lair:6)
  2 orc warriors (Orc:2)
  An ogre (Orc:2)
  An elephant simulacrum (Lair:6)
  An orc priest (Orc:2)
  An orc wizard (Orc:2)
  2 orcs (Orc:2)
  29 foxfires
46 creatures vanquished.

Vanquished Creatures (others)
  1651 foxfires
  29 fungi
  44 plants
  33 withered plants (Lair:6)
1757 creatures vanquished.

Grand Total: 2430 creatures vanquished

Notes
Turn   | Place    | Note
-------+----------+-------------------------------------------
     0 | D:1      | 101zpm the Gnoll Ice Elementalist began the quest for the
                  | Orb.
     0 | D:1      | Reached XP level 1. HP: 13/13 MP: 6/6
    21 | D:1      | Got Usibaikeph's Papyrus of Cold and Translocation
   215 | D:1      | Reached XP level 2. HP: 9/19 MP: 3/7
  1072 | D:1      | Reached XP level 3. HP: 25/25 MP: 9/9
  1079 | D:1      | Reached skill level 5 in Spellcasting
  1638 | D:2      | Reached skill level 1 in Invocations
  2010 | D:2      | Reached skill level 1 in Fighting
  2010 | D:2      | Reached skill level 1 in Short Blades
  2010 | D:2      | Reached skill level 1 in Long Blades
  2010 | D:2      | Reached skill level 1 in Axes
  2010 | D:2      | Reached skill level 1 in Maces & Flails
  2010 | D:2      | Reached skill level 1 in Polearms
  2010 | D:2      | Reached skill level 1 in Staves
  2010 | D:2      | Reached skill level 1 in Slings
  2010 | D:2      | Reached skill level 1 in Bows
  2010 | D:2      | Reached skill level 1 in Crossbows
  2010 | D:2      | Reached skill level 1 in Throwing
  2010 | D:2      | Reached skill level 1 in Armour
  2010 | D:2      | Reached skill level 1 in Shields
  2010 | D:2      | Reached skill level 1 in Unarmed Combat
  2010 | D:2      | Reached skill level 1 in Evocations
  2208 | D:2      | Reached XP level 4. HP: 9/32 MP: 7/11
  2454 | D:2      | Noticed Natasha
  2462 | D:2      | Killed Natasha
  2463 | D:2      | Reached skill level 1 in Conjurations
  2463 | D:2      | Reached skill level 1 in Hexes
  2463 | D:2      | Reached skill level 1 in Summonings
  2463 | D:2      | Reached skill level 1 in Necromancy
  2463 | D:2      | Reached skill level 1 in Translocations
  2463 | D:2      | Reached skill level 1 in Transmutations
  2463 | D:2      | Reached skill level 1 in Fire Magic
  2463 | D:2      | Reached skill level 1 in Air Magic
  2463 | D:2      | Reached skill level 1 in Earth Magic
  2463 | D:2      | Reached skill level 1 in Poison Magic
  2625 | D:2      | Learned a level 3 spell: Frozen Ramparts
  2629 | D:2      | Learned a level 3 spell: Ozocubu's Armour
  2634 | D:2      | Learned a level 4 spell: Hailstorm
  2636 | D:2      | Learned a level 1 spell: Foxfire
  3029 | D:3      | Reached XP level 5. HP: 37/37 MP: 4/12
  3699 | D:3      | Found Henughe's Antique Armour Boutique.
  3949 | D:4      | Found an opulent altar of Gozag.
  4033 | D:4      | Noticed an ogre
  4044 | D:4      | Killed an ogre
  4045 | D:4      | Reached XP level 6. HP: 8/44 MP: 8/13
  4502 | D:4      | Found a glowing drain.
  4513 | D:4      | Reached skill level 5 in Dodging
  4530 | Sewer    | Entered a sewer
  4993 | D:4      | Reached XP level 7. HP: 23/50 MP: 4/15
  6224 | D:5      | Entered Level 5 of the Dungeon
  6422 | D:4      | Reached skill level 5 in Stealth
  6422 | D:4      | HP: 1/51 [poisoned by a scorpion]
  6876 | D:5      | Reached XP level 8. HP: 49/57 MP: 10/16
  7219 | D:4      | HP: 2/58 [ice beast (11)]
  7714 | D:6      | Found a staircase to the Ecumenical Temple.
  7722 | Temple   | Entered the Ecumenical Temple
  7956 | Temple   | Became a worshipper of Makhleb the Destroyer
  8026 | D:6      | Reached XP level 9. HP: 46/65 MP: 6/18
  8489 | D:6      | Noticed a komodo dragon
  8504 | D:6      | Killed a komodo dragon
  9065 | D:8      | Reached * piety under Makhleb
  9211 | D:8      | Reached skill level 5 in Invocations
 10307 | D:6      | Reached XP level 10. HP: 73/73 MP: 15/20
 11211 | D:7      | Noticed Duvessa
 11225 | D:7      | Killed Duvessa
 11225 | D:7      | Noticed Dowan
 11226 | D:7      | Reached skill level 5 in Fighting
 11226 | D:7      | Reached skill level 5 in Short Blades
 11226 | D:7      | Reached skill level 5 in Long Blades
 11226 | D:7      | Reached skill level 5 in Axes
 11226 | D:7      | Reached skill level 5 in Maces & Flails
 11226 | D:7      | Reached skill level 5 in Polearms
 11226 | D:7      | Reached skill level 5 in Staves
 11226 | D:7      | Reached skill level 5 in Slings
 11226 | D:7      | Reached skill level 5 in Bows
 11226 | D:7      | Reached skill level 5 in Crossbows
 11226 | D:7      | Reached skill level 5 in Throwing
 11226 | D:7      | Reached skill level 5 in Armour
 11226 | D:7      | Reached skill level 5 in Shields
 11226 | D:7      | Reached skill level 5 in Unarmed Combat
 11226 | D:7      | Reached skill level 5 in Evocations
 11230 | D:7      | Killed Dowan
 11894 | D:7      | Noticed a manticore
 11902 | D:7      | Killed a manticore
 12141 | D:7      | Identified the +3 leather armour of Articulation {Str+2
                  | Slay+3}
 12156 | D:7      | Learned a level 2 spell: Ensorcelled Hibernation
 12159 | D:7      | Learned a level 2 spell: Blink
 12382 | D:7      | Found a basalt altar of Yredelemnul.
 12390 | D:7      | Found an ancient bone altar of Kikubaaqudgha.
 12397 | D:7      | Found a stormy altar of Qazlal.
 12404 | D:7      | Found a broken altar of Ashenzari.
 12410 | D:7      | Found a hazy altar of Hepliaklqana.
 12417 | D:7      | Found an iron altar of Okawaru.
 12423 | D:7      | Found a sparkling altar of Nemelex Xobeh.
 13052 | D:9      | Reached ** piety under Makhleb
 13445 | D:9      | Noticed Grum
 13458 | D:9      | Killed Grum
 13607 | D:9      | Noticed a two-headed ogre
 13613 | D:9      | Killed a two-headed ogre
 13734 | D:10     | Entered Level 10 of the Dungeon
 13734 | D:10     | Noticed Joseph
 14157 | D:10     | Paralysed by a centaur for 4 turns
 14271 | D:10     | Noticed a two-headed ogre
 14280 | D:10     | Killed a two-headed ogre
 14281 | D:10     | Reached XP level 11. HP: 62/81 MP: 15/22
 14389 | D:10     | Reached skill level 5 in Conjurations
 14389 | D:10     | Reached skill level 5 in Hexes
 14389 | D:10     | Reached skill level 5 in Summonings
 14389 | D:10     | Reached skill level 5 in Necromancy
 14389 | D:10     | Reached skill level 5 in Translocations
 14389 | D:10     | Reached skill level 5 in Transmutations
 14389 | D:10     | Reached skill level 5 in Fire Magic
 14389 | D:10     | Reached skill level 5 in Air Magic
 14389 | D:10     | Reached skill level 5 in Earth Magic
 14389 | D:10     | Reached skill level 5 in Poison Magic
 14755 | D:10     | Killed Joseph
 15428 | D:10     | Noticed a two-headed ogre
 15434 | D:10     | Killed a two-headed ogre
 15503 | D:10     | Noticed a tengu warrior
 15557 | D:10     | Found Vitew's Book Emporium.
 16127 | D:10     | Killed a tengu warrior
 16252 | D:10     | Noticed a wizard
 16264 | D:10     | Killed a wizard
 16655 | D:10     | Reached *** piety under Makhleb
 16848 | D:10     | Noticed a two-headed ogre
 16859 | D:10     | Killed a two-headed ogre
 17107 | D:10     | Reached XP level 12. HP: 89/89 MP: 7/24
 17299 | D:10     | Learned a level 3 spell: Conjure Flame
 17308 | D:10     | Noticed a two-headed ogre
 17472 | D:10     | Killed a two-headed ogre
 18104 | D:11     | Found a transporter.
 18117 | D:11     | Noticed a two-headed ogre
 18419 | D:11     | Found a transporter.
 18419 | D:11     | Noticed PupperPawz's ghost (journeyman TrMo)
 18420 | D:11     | Noticed a two-headed ogre
 18434 | D:11     | Killed a two-headed ogre
 19075 | D:11     | Noticed Harold
 19090 | D:11     | Killed Harold
 19518 | D:11     | Noticed a six-headed hydra
 19525 | D:11     | Killed a six-headed hydra
 19620 | D:11     | Found a staircase to the Orcish Mines.
 19840 | D:11     | Found a staircase to the Lair.
 20971 | Lair:1   | Entered Level 1 of the Lair of Beasts
 21012 | Lair:1   | Reached **** piety under Makhleb
 21765 | D:12     | Reached XP level 13. HP: 98/98 MP: 21/26
 22321 | D:12     | Found a shimmering altar of Xom.
 22993 | Lair:1   | Reached skill level 10 in Ice Magic
 23939 | Lair:2   | Found a staircase to the Swamp.
 24347 | Lair:2   | Noticed Fannar
 24384 | Lair:2   | Killed Fannar
 24385 | Lair:2   | Reached skill level 10 in Spellcasting
 24929 | Lair:2   | Reached ***** piety under Makhleb
 26475 | Lair:3   | Reached skill level 10 in Dodging
 26483 | Lair:3   | Reached XP level 14. HP: 106/106 MP: 28/28
 27685 | Lair:4   | Reached skill level 10 in Stealth
 28442 | Lair:4   | Reached skill level 10 in Invocations
 28629 | Lair:4   | Found a staircase to the Snake Pit.
 29530 | Lair:5   | You fall into a shaft and drop 1 floor!
 29530 | Lair:6   | Entered Level 6 of the Lair of Beasts
 29603 | Lair:6   | Learned a level 3 spell: Portal Projectile
 29608 | Lair:6   | Learned a level 3 spell: Inner Flame
 30135 | Lair:6   | Noticed busta's ghost (journeyman DsGl)
 30145 | Lair:6   | Found a runed translucent gate.
 30145 | Lair:6   | Found a runed translucent gate.
 30146 | Lair:6   | Found a runed translucent gate.
 30156 | Lair:6   | Found a runed translucent door.
 30157 | Lair:6   | Found a viscous altar of Jiyva.
 30158 | Lair:6   | Noticed an acid blob
 30159 | Lair:6   | Found a staircase to the Slime Pits.
 31115 | Lair:6   | Noticed a dire elephant
 31115 | Lair:6   | Noticed a dire elephant
 31115 | Lair:6   | Noticed a dire elephant
 31115 | Lair:6   | Noticed a dire elephant
 31252 | Lair:6   | Noticed a dire elephant
 31266 | Lair:6   | Killed a dire elephant
 31274 | Lair:6   | Noticed a dire elephant
 31305 | Lair:6   | Killed a dire elephant
 31508 | Lair:6   | Noticed a dire elephant
 31630 | Lair:6   | Killed a dire elephant
 31759 | Lair:6   | Killed a dire elephant
 31850 | Lair:6   | Killed a dire elephant
 31870 | Lair:6   | Killed a dire elephant
 31983 | Lair:6   | Killed a dire elephant
 32420 | Lair:6   | Reached XP level 15. HP: 115/115 MP: 8/29
 33102 | Lair:6   | Got the Grimoire of Ensnaring Shape Shifting
 35623 | Orc:1    | Entered Level 1 of the Orcish Mines
 36054 | Orc:1    | Noticed Josephine
 36054 | Orc:1    | Noticed Sonja
 36056 | Orc:1    | Paralysed by Sonja for 4 turns
 36070 | Orc:1    | Killed Sonja
 36071 | Orc:1    | Reached skill level 10 in Fighting
 36071 | Orc:1    | Reached skill level 10 in Short Blades
 36071 | Orc:1    | Reached skill level 10 in Long Blades
 36071 | Orc:1    | Reached skill level 10 in Axes
 36071 | Orc:1    | Reached skill level 10 in Maces & Flails
 36071 | Orc:1    | Reached skill level 10 in Polearms
 36071 | Orc:1    | Reached skill level 10 in Staves
 36071 | Orc:1    | Reached skill level 10 in Slings
 36071 | Orc:1    | Reached skill level 10 in Bows
 36071 | Orc:1    | Reached skill level 10 in Crossbows
 36071 | Orc:1    | Reached skill level 10 in Throwing
 36071 | Orc:1    | Reached skill level 10 in Armour
 36071 | Orc:1    | Reached skill level 10 in Shields
 36071 | Orc:1    | Reached skill level 10 in Unarmed Combat
 36071 | Orc:1    | Reached skill level 10 in Evocations
 36306 | Orc:1    | Killed Josephine
 36813 | Orc:2    | Entered Level 2 of the Orcish Mines
 37319 | Orc:2    | Found a staircase to the Elven Halls.
 38006 | Orc:2    | Found Myttop's Assorted Antiques.
 38006 | Orc:2    | Found Buohyk's General Store.
 38008 | Orc:2    | Found Ikleu's Antique Weapon Shop.
 38010 | Orc:2    | Found Xeakob's Jewellery Shoppe.
 38017 | Orc:2    | Bought a bloodstained whip for 247 gold pieces
 38017 | Orc:2    | Identified the +8 whip "Neteer" {holy, Fly} (You bought it
                  | in a shop on level 2 of the Orcish Mines)
 38743 | Orc:1    | Noticed an orc warlord
 38750 | Orc:1    | Killed an orc warlord
 39079 | D:13     | Noticed Jorgrun
 39079 | D:13     | Noticed Urug
 39215 | D:13     | Killed Jorgrun
 39223 | D:13     | Killed Urug
 39451 | D:13     | Noticed Rupert
 39471 | D:13     | Identified the -4 cloak of Theory {rF++}
 39580 | D:13     | Paralysed by Rupert for 6 turns
 39612 | D:13     | Killed Rupert
 39925 | D:13     | Identified the +1 robe of Likh {rC+ Str+3 Dex-5}
 41596 | D:13     | Reached XP level 16. HP: 116/123 MP: 16/31
 41699 | D:13     | Found a gate to the Vaults.
 41725 | D:13     | Cast into level 2 of the Abyss (a wizard)
 41811 | Abyss:2  | Noticed a lich
 41833 | Abyss:2  | Killed from afar by a blizzard demon

Illustrated notes

Levels and vault maps discovered:
D:1:      dpeg_arrival_tiny_d, layout_loops_ring
D:2:      layout_rooms, serial_curves, eino_curves_03, eino_curves_01,
          eino_curves_03, eino_curves_01, uniq_natasha
D:3:      layout_rooms, serial_shops, shop_fountains, minmay_vboxes
D:4:      layout_basic, grunt_gozag_statues, gup_sewer_entry_glass
D:5:      wander_river, layout_cave_pools
D:6:      cheibrodos_fzero, layout_gridville, minmay_temple_entry_trees
D:7:      layout_basic, grunt_temple_overflow_octagram, uniq_duvessa
D:8:      layout_basic
D:9:      layout_irregular_city, chequers_serial_rivers_micro_b, minivault_14,
          uniq_grum
D:10:     minmay_quarter_circles, layout_stronghold, serial_shops,
          nicolae_lakefront_shop, uniq_joseph
D:11:     layout_layer_cave, david_lair_generic, orc_0_dummy,
          gammafunk_ghost_arena, serial_ice, serial_ice_h, serial_ice_d,
          serial_ice_k, serial_ice_n, portal_ice_cave_rime, grunt_ministairs_6,
          roderic_lattice_a, uniq_harold
D:12:     layout_gridville, minivault_27, xom_confusion_cloud
D:13:     cheibrodos_breeding_chamber, layout_irregular_city,
          grunt_vaults_entry_tiered, grunt_decor_junction, uniq_rupert,
          uniq_jorgrun, uniq_urug
Temple:   eino_temple_water
Lair:1:   layout_misc_corridors
Lair:2:   nzn_winding_woodlands_small [nzn_winding_woodlands_5x15_jagged,
          nzn_winding_woodlands_center_garden,
          nzn_winding_woodlands_5x15_pathside_ponds], layout_cave_pods,
          minmay_swamp_entry_reptiles, serial_bayou_crossing, uniq_fannar
Lair:3:   layout_cave_shapes, nicolae_quartered_pool_little, grunt_megastairs_3
Lair:4:   layout_cave_pods, minmay_snake_entry_guardpost_medium,
          nicolae_lair_yak_garden
Lair:5:   minmay_lair_oklob_tunnel, layout_regular_city, minivault_27,
          minivault_11
Lair:6:   due_jungle_book, layout_long_grid, slime_altar_2,
          gauntlet_entry_generic, gammafunk_ghost_split,
          infiniplex_staircase_pool, serial_bayou_shore_a
Orc:1:    layout_diamond_mine, minmay_orc_barracks, uniq_josephine, uniq_sonja
Orc:2:    st_orc_rangers, layout_caves
Abyss:2:  base: D:13, abyss_greek_temple, minivault_25

Skill      XL: |  1  2  3  4  5  6  7  8  9 10 11 12 13 14 15 |
---------------+----------------------------------------------+-----
Spellcasting   | 5 6 7 8 9 10 11 | 11.7
Invocations    | 1 2 3 4 5 6 7 8 9 10 11 | 11.5
Fighting       | 1 2 3 4 5 6 7 8 9 10 | 10.6
Short Blades   | 1 2 3 4 5 6 7 8 9 10 | 10.6
Long Blades    | 1 2 3 4 5 6 7 8 9 10 | 10.6
Axes           | 1 2 3 4 5 6 7 8 9 10 | 10.6
Maces & Flails | 1 2 3 4 5 6 7 8 9 10 | 10.6
Polearms       | 1 2 3 4 5 6 7 8 9 10 | 10.6
Staves         | 1 2 3 4 5 6 7 8 9 10 | 10.6
Slings         | 1 2 3 4 5 6 7 8 9 10 | 10.6
Bows           | 1 2 3 4 5 6 7 8 9 10 | 10.6
Crossbows      | 1 2 3 4 5 6 7 8 9 10 | 10.6
Throwing       | 1 2 3 4 5 6 7 8 9 10 | 10.6
Armour         | 1 2 3 4 5 6 7 8 9 10 | 10.6
Shields        | 1 2 3 4 5 6 7 8 9 10 | 10.6
Unarmed Combat | 1 2 3 4 5 6 7 8 9 10 | 10.6
Evocations     | 1 2 3 4 5 6 7 8 9 10 | 10.6
Conjurations   | 1 2 3 4 5 6 7 8 |  8.9
Hexes          | 1 2 3 4 5 6 7 8 |  8.9
Summonings     | 1 2 3 4 5 6 7 8 |  8.9
Necromancy     | 1 2 3 4 5 6 7 8 |  8.9
Translocations | 1 2 3 4 5 6 7 8 |  8.9
Transmutations | 1 2 3 4 5 6 7 8 |  8.9
Fire Magic     | 1 2 3 4 5 6 7 8 |  8.9
Air Magic      | 1 2 3 4 5 6 7 8 |  8.9
Earth Magic    | 1 2 3 4 5 6 7 8 |  8.9
Poison Magic   | 1 2 3 4 5 6 7 8 |  8.9
Dodging        | 5 6 7 8 9 10 11 | 11.5
Stealth        | 5 6 7 8 9 10 11 | 11.4
Ice Magic      | 8 9 10 11 | 11.4

Action                   |  1- 3 |  4- 6 |  7- 9 | 10-12 | 13-15 | 16-18 || total
-------------------------+-------+-------+-------+-------+-------+-------++-------
Melee: Unarmed           |     4 |       |       |       |       |       ||     4
       Whip              |    80 |    59 |   232 |   367 |   201 |    17 ||   956
       Bite              |     7 |     4 |    33 |    55 |   167 |     2 ||   268
       Punch             |       |       |     6 |       |       |       ||     6
       Hand axe          |       |       |       |    34 |   820 |       ||   854
 Cast: Freeze            |    30 |    22 |    29 |    49 |    61 |       ||   191
       Foxfire           |       |    49 |    23 |   248 |   653 |     6 ||   979
       Frozen Ramparts   |       |    11 |    27 |    69 |   101 |     2 ||   210
       Ozocubu's Armour  |       |     1 |     5 |    23 |    36 |     1 ||    66
       Hailstorm         |       |       |     2 |    27 |    85 |    10 ||   124
       Ensorcelled Hiber |       |       |       |     4 |     2 |       ||     6
       Conjure Flame     |       |       |       |     4 |    10 |     1 ||    15
       Blink             |       |       |       |       |     3 |       ||     3
       Portal Projectile |       |       |       |       |     2 |       ||     2
       Inner Flame       |       |       |       |       |     4 |       ||     4
Invok: Minor Destruction |       |       |       |     2 |    12 |       ||    14
       Lesser Servant of |       |       |       |       |    12 |       ||    12
       Greater Servant o |       |       |       |       |     1 |     2 ||     3
Evoke: Wand              |       |       |       |       |     1 |       ||     1
  Use: Scroll            |       |     4 |     1 |     4 |     3 |       ||    12
       Potion            |       |       |     1 |     1 |     1 |       ||     3
 Stab: Sleeping          |     6 |     1 |     4 |       |     4 |       ||    15
       Distracted        |       |       |       |     1 |     2 |       ||     3
Armor: Robe              |    26 |    13 |   109 |    20 |       |       ||   168
       Leather armour    |       |       |       |   206 |   272 |     3 ||   481
       Pearl dragon scal |       |       |       |       |   101 |       ||   101
Dodge: Dodged            |    82 |    46 |   230 |   182 |   396 |     7 ||   943
Block: Kite shield       |       |       |    34 |   345 |   882 |     8 ||  1269
       Reflection        |       |       |       |    13 |    50 |       ||    63
